[Event "Paracin Open 2022"]
[Site "Paracin"]
[Date "2022.07.08"]
[Round "1.1"]
[White "Predke, Alexandr"]
[Black "Sanket Chakravarty"]
[Result "1-0"]
[ECO "B23"]
[WhiteElo "2688"]
[BlackElo "2209"]
[Annotator "TA"]
[PlyCount "83"]
[EventDate "2022.07.08"]
[EventCountry "SRB"]
[SourceTitle "playchess.com"]
[Source "ChessBase"]
[SourceQuality "1"]
[TimeControl "5400+30"]

1. e4 c5 2. Nc3 Nc6 3. Bb5 Nd4 4. Nf3 a6 5. Bd3 g6 6. O-O {[%emt 0:00:07] B23: Closed Sicilian: Lines without g3.} Bg7 7. Re1 Nh6 8. Rb1 {[%emt 0:14:34] [#] The position is equal.} b5 $146 ({Predecessor:} 8... d6 9. h3 Nc6 10. a3 b5 11. Nd5 e6 12. Ne3 O-O 13. c4 b4 14. axb4 Nxb4 {1-0 (58) Matinian,N (2454)-Fedoseev,V (2704) Chess.com INT 2022}) 9. b3 (9. b4 $5 ) 9... Bb7 10. a4 b4 11. Nxd4 cxd4 12. Nd5 (12. Na2 $5 ) 12... a5 13. Bc4 e6 14. Nf4 O-O 15. d3 Kh8 16. Qf3 Rc8 17. Qh3 Ng8 $1 18. Rb2 Ne7 19. Ne2 Rc5 20. Bh6 Rh5 ({Better is} 20... d5 $17 21. exd5 Nxd5) 21. Bxg7+ $15 Kxg7 22. Qg3 e5 23. Rbb1 d5 24. exd5 Nxd5 ({But not} 24... Bxd5 $6 25. f3 $11) 25. Bxd5 Qxd5 26. Rbd1 (26. f3 $15) 26... f6 {[%emt 0:03:35] Strongly threatening ...Rg5.} 27. f4 {[%emt 0:00:36] Prevents Rg5.} Rf5 ({Black should play} 27... Qc5 28. Qf2 Rf5) 28. Rf1 Kh8 29. Rf2 Qc6 30. Rdf1 Qd5 (30... Qxc2 $2 31. Nxd4 $1 Qc7 32. Nxf5 gxf5 33. fxe5 $18) 31. Qg4 Rf7 32. h3 h5 33. Qg3 ({Much weaker is} 33. Qxg6 Rg7 34. Qh6+ Kg8 $17) 33... Rg7 34. Qh4 Kg8 {[%emt 0:02:11] Threatens to win with ...g5.} 35. fxe5 $1 fxe5 36. Ng3 {[%emt 0:00:06] aiming for Ne4.} Rxf2 $1 37. Rxf2 {[%emt 0:00:04][%cal Bf1f2,Bf2e2,Be2e5][%mdl 32] And now Ne4 would win.} Rf7 {[%emt 0:00:05] [#]} (37... Qd6 $1 $11) 38. Re2 $1 $16 ({Much worse is} 38. Ne4 $6 Rxf2 39. Kxf2 Qf7+ 40. Ke2 Qc7 $11) 38... Rf4 $2 {[%emt 0:01:56][%mdl 8192] Loses the game.} (38... Qd6 $16 {is tougher.}) 39. Qg5 $1 $18 Qf7 40. Rxe5 Rf2 41. Ne4 Bxe4 42. dxe4 {[%emt 0:00:43] Weighted Error Value: White=0.13 (very precise) /Black=0.31} 1-0

[Event "Paracin Open 2022"]
[Site "Paracin"]
[Date "2022.07.08"]
[Round "1.2"]
[White "Srija, Seshadri"]
[Black "Praggnanandhaa R"]
[Result "0-1"]
[ECO "B57"]
[WhiteElo "2208"]
[BlackElo "2648"]
[Annotator "TA"]
[PlyCount "58"]
[EventDate "2022.07.08"]
[EventCountry "SRB"]
[SourceTitle "playchess.com"]
[Source "ChessBase"]
[SourceQuality "1"]
[TimeControl "5400+30"]

1. e4 c5 2. Nf3 Nc6 3. d4 cxd4 4. Nxd4 Nf6 5. Nc3 d6 6. Bc4 Qb6 7. Nb3 e6 8. Qe2 a6 9. Be3 {[%emt 0:01:40] B57: Classical Sicilian: Sozin with 6...Qb6.} Qc7 10. f4 Be7 (10... b5 $5 11. Bd3 g6 $11) 11. O-O-O {[%emt 0:07:17] The position is equal.} b5 12. Bd3 Bb7 13. g4 Nb4 $36 {[%emt 0:01:42][%mdl 2048] Black fights for an advantage.} 14. Kb1 d5 15. e5 Nd7 {[%emt 0:00:22][%cal Od5d4] [#]} 16. Rhe1 $146 ({Predecessor:} 16. Bd4 Nxd3 17. cxd3 b4 18. Na4 Qc6 19. Nac5 Nxc5 20. Nxc5 Bxc5 21. Rc1 Bxd4 22. Rxc6 Bxc6 23. Rc1 {0-1 (28) Kadziolka,B (2286)-Simonian,H (2459) Warsaw 2012}) 16... O-O 17. Bd4 Rfc8 18. f5 (18. Bf5 $11) 18... Nxd3 $15 19. Rxd3 ({White should try} 19. Qxd3 $15 b4 20. Ne2) 19... b4 $1 $17 20. Nd1 {[%emt 0:04:03] [#]} a5 $1 {[%emt 0:01:35][%cal Ba6a5,Ba5a4,Ba4b3][%mdl 32] And now ...a4 would win.} 21. f6 (21. Qd2 $17) 21... gxf6 $19 22. exf6 Bxf6 23. Rf3 $2 {[%emt 0:05:44][%mdl 8192] [#] This move loses the game for White.} (23. Bxf6 $17 Nxf6 24. Qd2) 23... a4 $1 {[%emt 0:06:02] Black is clearly winning.} 24. Rxf6 axb3 25. Nc3 Nxf6 26. Bxf6 bxc3 27. Qe3 cxb2 (27... bxc2+ $142 28. Kc1 cxb2+ 29. Bxb2 Ra4 30. Qg5+ Kf8 31. Qg7+ Ke8) 28. Qg5+ Kf8 29. Qh6+ Ke8 {[%emt 0:00:14] Weighted Error Value: White=1.10/Black=0.20 (precise)} 0-1

[Event "Paracin Open 2022"]
[Site "Paracin"]
[Date "2022.07.08"]
[Round "1.3"]
[White "Petrov, Nikita"]
[Black "Veselov, Yaroslav"]
[Result "1-0"]
[ECO "E48"]
[WhiteElo "2558"]
[BlackElo "2206"]
[Annotator "TA"]
[PlyCount "57"]
[EventDate "2022.07.08"]
[EventCountry "SRB"]
[SourceTitle "playchess.com"]
[Source "ChessBase"]
[SourceQuality "1"]
[TimeControl "5400+30"]

1. d4 Nf6 2. c4 e6 3. Nc3 Bb4 4. e3 O-O 5. Bd3 c5 6. Nge2 cxd4 7. exd4 d5 8. cxd5 Nxd5 9. Bc2 {[%emt 0:00:00] E48: Nimzo-Indian: Rubinstein: 5 Bd3 d5 including 6 Ne2, but excluding 6 a3.} Nd7 {[%emt 0:05:10][%cal Bb8d7,Bd7f6,Bf6h5][%mdl 32] [#]} 10. a3 $146 ({Predecessor:} 10. Qd3 N7f6 11. O-O h6 12. Nxd5 exd5 13. Bf4 Re8 14. Ng3 Bd6 15. Qd2 Bxf4 16. Qxf4 Be6 {0-1 (40) Ivanisevic,I (2585)-Esipenko,A (2716) Chess.com INT 2021}) 10... Nxc3 11. bxc3 {[%emt 0:00:00] White has an edge.} Be7 12. Qd3 $40 {[%emt 0:02:30][%csl Gc2][%cal Rd3h7][%mdl 128] [#] White attacks.} Nf6 13. Bg5 {[%emt 0:00:00] aiming for Bxf6.} g6 14. h4 Qa5 15. Qf3 Qd5 16. Qf4 Nh5 17. Qe3 Qxg2 $2 {[%emt 0:05:02][%mdl 8192] [#] A mistake that costs the game.} (17... Re8 $11 {and Black is okay.}) 18. Be4 $1 $18 Bxg5 19. hxg5 Qg4 20. Bf3 {[%emt 0:00:00][%mdl 64] Skewer} Qf5 21. Bxh5 {[%emt 0:00:00] Ng3 is the strong threat.} gxh5 $2 (21... f6 22. Bf3 Qxg5) 22. Ng3 {[%emt 0:00:00][%cal Be2g3,Bg3e4,Be4f6][%mdl 32] White is clearly winning.} Qd5 23. Rxh5 {[%emt 0:00:00] Strongly threatening 0-0-0.} e5 24. Ne4 {[%emt 0:06:00] White threatens Nf6+ and mate.} (24. Qd3 e4 25. Qxe4 Qxe4+ 26. Nxe4 Re8 $16) 24... exd4 25. Nf6+ Kg7 26. Rxh7+ (26. Nxd5 dxe3 27. Nxe3 Kg6 $11) 26... Kg6 27. Rh6+ ({Weaker is} 27. Nxd5 dxe3 28. Rh6+ Kxg5 $11) 27... Kg7 28. Qf4 {[%emt 0:00:00] Threatening mate with Nh5+.} (28. Nxd5 dxe3 29. Nxe3 Re8 $16) 28... Qe6+ 29. Kf1 {[%emt 0:00:00] Weighted Error Value: White=0.07 (flawless) /Black=0.63} ({Not} 29. Kd2 dxc3+ 30. Kxc3 Qc6+ 31. Kd2 Rd8+ 32. Ke2 Qb5+ 33. Kf3 (33. Ke1 Bf5 $11) 33... Qf5 $16) 1-0

[Event "Paracin Open 2022"]
[Site "Paracin"]
[Date "2022.07.08"]
[Round "1.4"]
[White "Balabayeva, Xeniya"]
[Black "Makarian, Rudik"]
[Result "0-1"]
[ECO "A47"]
[WhiteElo "2198"]
[BlackElo "2533"]
[Annotator "TA"]
[PlyCount "76"]
[EventDate "2022.07.08"]
[EventCountry "SRB"]
[SourceTitle "playchess.com"]
[Source "ChessBase"]
[SourceQuality "1"]
[TimeControl "5400+30"]

1. d4 Nf6 2. Nf3 b6 3. Bg5 Bb7 4. Nbd2 g6 5. Bxf6 exf6 6. e4 {[%emt 0:00:23] A47: 1 d4 Nf6 2 Nf3 b6: Torre, London and Colle Systems.} Bh6 7. Bd3 O-O 8. O-O {[%emt 0:01:04] The position is equal.} Re8 9. Re1 d6 {[%emt 0:00:48] [#]} 10. c3 $146 ({Predecessor:} 10. a4 a5 11. c3 Nd7 12. Qc2 Re7 13. Bb5 c6 14. Bd3 Qc7 15. Re2 Rae8 16. Rae1 {½-½ (44) Timman,J (2630)-Rozentalis,E (2650) Malmo 1997}) 10... Nd7 11. b4 Nf8 12. a4 a6 13. d5 f5 14. c4 fxe4 15. Nxe4 Bg7 {[%emt 0:00:09] Strongly threatening ...f5.} 16. Ra2 a5 17. b5 Nd7 18. Rae2 Ne5 19. Nd4 f5 20. Nc3 (20. Nd2 $14) 20... Qh4 $15 21. Nc6 Rf8 {[%emt 0:05:41] Threatens to win with ...Bxc6.} 22. Nxe5 Bxe5 23. g3 Qd4 24. Nb1 (24. Rc2 $11 {keeps the balance.}) 24... f4 $17 {[%emt 0:00:08] Black is more active.} 25. g4 {[%emt 0:00:15] White does not recover from this.} (25. Be4 $17 {might work better.}) 25... f3 $1 $19 26. Re4 {[%emt 0:00:17] [#]} Bxh2+ $1 27. Kh1 Qxf2 $40 {[%emt 0:00:17][%csl Gf3][%cal Rf2g2][%mdl 128] White is in trouble.} 28. Qd2 Bg3 29. Qxf2 Bxf2 30. Rf1 Bc5 {[%emt 0:00:26] Hoping for ...Bb4.} 31. Nd2 f2 {[%emt 0:00:02] ...Rae8 is the strong threat.} 32. Kg2 Rae8 33. Rxe8 Rxe8 34. Ne4 {[%emt 0:00:06] Black must now prevent Nf6+.} Kg7 {[%emt 0:00:04] Inhibits Nf6.} ({And not} 34... Bd4 35. Rxf2 Bc8 36. Re2 $17) 35. Nxc5 dxc5 ({Inferior is} 35... bxc5 36. Kxf2 Bc8 37. Rg1 $17) 36. Rxf2 {[%emt 0:00:19] [#]} Bc8 $1 37. Be2 Re4 38. Kf3 Rxg4 {[%emt 0:00:26] Weighted Error Value: White=0.20 (precise) /Black=0.06 (flawless)} 0-1

[Event "Paracin Open 2022"]
[Site "Paracin"]
[Date "2022.07.08"]
[Round "1.5"]
[White "Zanan, Evgeny"]
[Black "Radojicic, Aleksandar M"]
[Result "1-0"]
[ECO "B40"]
[WhiteElo "2521"]
[BlackElo "2188"]
[Annotator "TA"]
[PlyCount "73"]
[EventDate "2022.07.08"]
[EventCountry "SRB"]
[SourceTitle "playchess.com"]
[Source "ChessBase"]
[SourceQuality "1"]
[TimeControl "5400+30"]

1. e4 c5 2. Nf3 e6 3. Nc3 a6 4. a4 Nc6 5. d4 cxd4 6. Nxd4 Qc7 {[%emt 0:02:35] B40: Sicilian: 2...e6, Unusual lines.} 7. Nxc6 bxc6 8. Bd3 Nf6 {[%emt 0:19:23][%cal Bg8f6,Bf6d7,Bd7c5,Bc5d3][%mdl 32] The position is equal.} 9. Qe2 d5 10. O-O Be7 11. f4 {[%emt 0:01:36] [#]} (11. Bg5 $142) 11... h5 $146 ({Predecessor:} 11... O-O 12. b3 Bc5+ 13. Kh1 Bd4 14. Bb2 dxe4 15. Bxe4 Nxe4 16. Qxe4 {0-1 (30) Heberla,B (2569)-Zezulkin,J (2448) Warsaw 2006}) 12. e5 Nd7 13. a5 {[%emt 0:05:59] Active counter play!} g6 14. Nd1 Nc5 15. Be3 Nxd3 16. cxd3 c5 17. d4 Bd7 {[%emt 0:04:04] White must now prevent ...cxd4.} 18. Qf2 c4 19. Bd2 Rb8 20. Bc3 Bb4 21. Ne3 Rb5 22. Qh4 Qd8 (22... Bxa5 $2 23. Rxa5 Rxa5 24. Bb4 $18) 23. Qh3 Be7 24. g4 Qc8 (24... Rf8 $15) 25. Kh1 {[%emt 0:03:09] [#]} (25. f5 $11) 25... Kd8 ({Black should play} 25... Rf8 $1 $17) 26. f5 $11 Kc7 {[%emt 0:00:29] Hoping for ...hxg4.} 27. fxg6 fxg6 28. Rf7 Qe8 29. Raf1 Bg5 30. Nc2 {[%emt 0:02:25] Strongly threatening Bb4.} Rb7 {[%emt 0:00:40][%mdl 8192] [#]} (30... Be7 $11) 31. Bb4 $1 $18 ({Less strong is} 31. Nb4 Ra7 $16) 31... Bh6 $2 (31... hxg4 32. Bd6+ (32. Qxg4 Bh6 $16) 32... Kc8) 32. Bd6+ Kc6 33. Qa3 Rb5 {[%emt 0:00:28] Prevents Qc5+.} 34. g5 Qd8 35. Nb4+ Kb7 36. gxh6 Rxa5 {[%emt 0:00:28] [#]} 37. Rxd7+ $1 {[%emt 0:00:09] Weighted Error Value: White=0.12 (very precise) /Black=0.66} 1-0

[Event "Paracin Open 2022"]
[Site "Paracin"]
[Date "2022.07.08"]
[Round "1.6"]
[White "Efremov, Vladislav"]
[Black "Santiago, Yago De Moura"]
[Result "1/2-1/2"]
[ECO "D33"]
[WhiteElo "2185"]
[BlackElo "2513"]
[Annotator "TA"]
[PlyCount "82"]
[EventDate "2022.07.08"]
[EventCountry "SRB"]
[SourceTitle "playchess.com"]
[Source "ChessBase"]
[SourceQuality "1"]
[TimeControl "5400+30"]

1. d4 Nf6 2. c4 e6 3. Nf3 d5 4. Nc3 c5 5. cxd5 exd5 6. g3 Nc6 7. Bg2 cxd4 8. Nxd4 Bc5 9. Nb3 Bb6 {[%emt 0:00:22] D33: Tarrasch Defence: 6 g3 sidelines.} 10. O-O ({Don't play} 10. Bxd5 Nb4 11. Bf3 Qxd1+ 12. Kxd1 Ng4 13. Bxg4 Bxg4 $11) 10... d4 11. Na4 O-O {[%emt 0:00:26] White is slightly better.} 12. Bg5 Re8 13. Re1 h6 14. Nxb6 {[%emt 0:00:30] 14.Bxf6 might become the main line.} (14. Bxc6 {looks sharper.} bxc6 15. Bxf6 Qxf6 16. Nxb6 axb6 17. Qxd4 Qd8 18. Qc3) 14... axb6 15. Bxc6 (15. Bxf6 {keeps more tension.} Qxf6 16. Bxc6 bxc6 17. Qxd4 Qd8 18. Qc3) 15... bxc6 16. Bxf6 Qxf6 17. Qxd4 Qd8 18. Qxd8 Rxd8 {[%emt 0:01:01] The position is equal.} 19. Rad1 Rxd1 20. Rxd1 $11 {[%emt 0:00:13][%mdl 4096] Endgame Hoping for Rd8+. KRB-KRN} Be6 21. Nc1 Bxa2 22. Nxa2 Rxa2 {[%emt 0:00:07] [#] KR-KR} 23. Rd8+ $146 ({Predecessor:} 23. Rd6 Ra1+ 24. Kg2 Rc1 25. b4 Kf8 26. Rd7 b5 27. Rc7 Rc4 28. f4 Ke8 29. Kf3 Rxb4 30. Rxc6 {½-½ (44) Yilmazyerli,M (2439)-Dudin,G (2482) Ayvalik 2022}) 23... Kh7 24. Rd6 Ra1+ 25. Kg2 Rc1 26. Kf3 Rc2 27. Ke3 g5 28. Kd3 Rxb2 29. Rxc6 Kg7 30. g4 b5 31. Rb6 b4 32. Ke3 b3 33. Kf3 Rb1 34. e3 f6 35. Rb7+ Kg6 36. h3 h5 37. Kg2 b2 38. Kf3 h4 39. Kg2 Kh6 40. Kf3 Kg6 41. Kg2 Kh6 {[%emt 0:00:03] Weighted Error Value: White=0.02 (flawless) /Black=0.00 (flawless)} 1/2-1/2

[Event "Paracin Open 2022"]
[Site "Paracin"]
[Date "2022.07.08"]
[Round "1.7"]
[White "Pranav Vijay"]
[Black "Gokcek, Kursat Bugra"]
[Result "1-0"]
[ECO "B47"]
[WhiteElo "2265"]
[BlackElo "2185"]
[Annotator "ChessBase"]
[PlyCount "155"]
[EventDate "2022.07.08"]
[EventCountry "SRB"]
[SourceTitle "playchess.com"]
[Source "ChessBase"]
[SourceQuality "1"]
[TimeControl "5400+30"]

1. e4 c5 2. Nf3 e6 3. d4 cxd4 4. Nxd4 Nc6 5. Nc3 Qc7 6. g3 a6 7. Bg2 Nf6 8. O-O Nxd4 9. Qxd4 Bc5 10. Bf4 d6 11. Qd2 h6 12. h3 e5 13. Be3 Bxe3 14. Qxe3 Be6 15. f4 b5 16. a3 Qa7 17. Kf2 Ke7 18. Rad1 Rhc8 19. Rd2 Qxe3+ 20. Kxe3 Rab8 21. Ra1 g5 22. f5 Bd7 23. Na2 a5 24. Nc1 Rc4 25. Nd3 Bc6 26. Nf2 Ba8 27. c3 Rc6 28. Bf3 Nd7 29. Be2 Nc5 30. Rad1 f6 31. Rh1 b4 32. axb4 axb4 33. c4 Nb3 34. Rd3 Nd4 35. Rxd4 exd4+ 36. Kxd4 Rcc8 37. h4 Rh8 38. Ra1 Bc6 39. Ra7+ Bd7 40. Nd3 Rhc8 41. Bd1 Kd8 42. Bb3 Rc7 43. Ra1 Bc6 44. hxg5 Re7 45. Nf2 hxg5 46. Rh1 Kd7 47. Rh6 Rf8 48. Bd1 Kd8 49. Bf3 Ra7 50. Nd3 Rb7 51. Rh1 Rff7 52. Rh8+ Be8 53. Bh5 Rfe7 54. Rf8 Rb8 55. Bxe8 Kc7 56. g4 Rbxe8 57. Rxe8 Rxe8 58. Nxb4 Rf8 59. Nd5+ Kc6 60. b4 Rf7 61. b5+ Kd7 62. Kc3 Rf8 63. Kb4 Rf7 64. c5 dxc5+ 65. Kxc5 Rf8 66. b6 Rc8+ 67. Kb5 Rc1 68. Nxf6+ Kd6 69. Nd5 Rc5+ 70. Ka6 Rc1 71. f6 Rb1 72. f7 Rf1 73. b7 Kc6 74. Nb4+ Kc7 75. Ka7 Rxf7 76. b8=Q+ Kd7 77. Kb6 Ke6 78. Nd5 1-0

[Event "Paracin Open 2022"]
[Site "Paracin"]
[Date "2022.07.08"]
[Round "1.8"]
[White "Lever, Erwan"]
[Black "Gundavaa, Bayarsaikhan"]
[Result "0-1"]
[ECO "E92"]
[WhiteElo "2178"]
[BlackElo "2503"]
[Annotator "TA"]
[PlyCount "56"]
[EventDate "2022.07.08"]
[EventCountry "SRB"]
[SourceTitle "playchess.com"]
[Source "ChessBase"]
[SourceQuality "1"]
[TimeControl "5400+30"]

1. d4 Nf6 2. c4 g6 3. Nc3 Bg7 4. e4 d6 5. Be2 O-O 6. Nf3 Na6 7. Be3 e5 8. d5 Ng4 9. Bg5 f6 10. Bh4 Qe8 {[%emt 0:05:44] E92: King's Indian: Classical: 6 Be2 e5: 7 dxe5, 7 Be3 and Petrosian System without 7...Nbd7.} 11. h3 Nh6 12. g4 Nf7 {[%emt 0:03:59] [#] White is slightly better.} 13. Nd2 $146 ({Predecessor:} 13. Rg1 Bd7 14. Nd2 Qe7 15. Qc2 c6 16. a3 Rac8 17. dxc6 bxc6 18. b4 Nc7 19. O-O-O {1-0 (61) Budrewicz,K (2289)-Popadic,D (2157) Chess.com INT 2020}) 13... Bh6 14. a3 c5 15. dxc6 (15. Bxf6 $16 {Hoping for h4.} Ng5 16. Bxg5 Bxg5 17. Nf3) 15... bxc6 $15 16. Bxf6 Bg5 17. Bxg5 Nxg5 18. b4 (18. f3 $11 {keeps the balance.}) 18... Qf7 {[%emt 0:06:33][%csl Gf8][%cal Rf7f2][%mdl 1024] Black has strong compensation. Black is more active.} 19. f3 Qf4 20. Nf1 {[%emt 0:02:28] Prevents Qg3+. White does not recover from this.} (20. Qa4 $11 {and White has nothing to worry.} Qe3 21. Nd1) 20... Nc7 $1 $19 ({Stronger than} 20... Nxf3+ 21. Bxf3 Qxf3 22. Qxf3 Rxf3 23. Rc1 $11) 21. Kf2 {[%emt 0:14:57] [#]} Nce6 $1 22. Qd2 ({Don't go for} 22. h4 $2 {[#]} Nxf3 $1 23. Bxf3 Nd4 $19) 22... Qf6 23. Nh2 (23. Qe3) 23... Nd4 24. Raf1 (24. Kg3 {is a better defense.}) 24... Nxh3+ 25. Kg3 (25. Ke1 $142) 25... Nf4 26. Bd1 Qg5 {[%emt 0:02:19] Threatens to win with ...Nh5+.} 27. Rf2 Qh6 28. a4 Qh3# {[%emt 0:00:08] Weighted Error Value: White=1.21/Black=0.16 (very precise)} 0-1

[Event "Paracin Open 2022"]
[Site "Paracin"]
[Date "2022.07.08"]
[Round "1.9"]
[White "Arjun Kalyan"]
[Black "Granovskiy, Alexandr"]
[Result "1-0"]
[ECO "B45"]
[WhiteElo "2499"]
[BlackElo "2177"]
[Annotator "TA"]
[PlyCount "135"]
[EventDate "2022.07.08"]
[EventCountry "SRB"]
[SourceTitle "playchess.com"]
[Source "ChessBase"]
[SourceQuality "1"]
[TimeControl "5400+30"]

1. e4 c5 2. Nf3 e6 3. d4 cxd4 4. Nxd4 Nf6 5. Nc3 Nc6 6. Nxc6 bxc6 7. e5 Nd5 8. Ne4 Qc7 9. f4 Qb6 10. c4 Bb4+ 11. Ke2 f5 12. exf6 Nxf6 {[%emt 0:00:20] B45: Sicilian Four Knights.} 13. Be3 {[%emt 0:00:10] Chess con chili.} Qd8 14. Nd6+ Bxd6 {[%emt 0:00:04] White has an edge.} 15. Qxd6 c5 16. Qxc5 Bb7 17. Kd1 $36 {[%emt 0:02:41][%mdl 2048] White is pushing.} Kf7 {[%emt 0:05:33] [#]} 18. Bd3 $146 ({Better is} 18. Qd4 $14) ({Predecessor:} 18. Rg1 Be4 19. Be2 Qb8 20. Qd4 Rd8 21. Ke1 d5 22. c5 a5 23. Kf2 Re8 24. Rgc1 g5 25. fxg5 e5 26. Qd1 Rg8 27. g3 Ne8 28. b3 Qc8 29. Kg1 {½-½ (29) Heinemann,J (2304)-Cramling Bellon,A (2025) Caleta 2019}) 18... d6 (18... d5 $1 $11 19. Ke2 dxc4 20. Qxc4 Rc8) 19. Qg5 $16 d5 {[%emt 0:00:57] White must now prevent ...dxc4.} 20. Ke2 {[%emt 0:02:34] 0x0.001765430cb4dp-1022s more active pieces.} d4 {[%emt 0:02:34] [#]} (20... dxc4 $142 21. Bxc4 Rc8) 21. Bf2 $1 {[%emt 0:19:41] This bishop pair is nice.} Qb6 22. Qb5 Qxb5 23. cxb5 Bxg2 24. Rhg1 Nd5 25. Rxg2 (25. Bxd4 $142 {Threatens to win with Be5.} Nxf4+ 26. Ke3) 25... Nxf4+ 26. Kf3 Nxd3 27. Bxd4 e5 28. Ke4 {[%emt 0:27:21] Strongly threatening Rf1+.} Rhd8 $1 29. Bxe5 Nxe5 30. Kxe5 $14 {[%emt 0:00:01][%mdl 4096] Endgame KRR-KRR} Rd3 31. Rc1 Re8+ 32. Kf4 Rd4+ 33. Kg3 Re3+ 34. Kf2 Re7 35. Kg1 (35. a3 $14) 35... g6 (35... Rb4 $11 {remains equal.}) 36. Rf2+ Kg7 37. Rc5 Kh6 38. a3 {[%emt 0:00:30] Prevents Rb4.} Red7 39. Re5 (39. Rfc2 $16) 39... Rd3 $11 40. Kg2 (40. Rfe2 $14 {is superior.}) 40... Rb3 $1 41. Rfe2 Rf7 42. Kg1 Rf4 43. Re7 Ra4 44. Rb7 Ra5 45. Ree7 Raxb5 46. Rxh7+ Kg5 47. Rxb5+ Rxb5 {[%emt 0:05:21] KR-KR} 48. b4 a5 49. Rh3 Kf4 ({Resist} 49... axb4 50. Rb3 $14) (49... Rd5 $11) 50. Kg2 Ke4 (50... axb4 $11 {keeps the balance.} 51. Rh4+ Kf5 52. Rxb4 Rd5) 51. Rg3 Kf4 52. h3 ({Reject} 52. Rxg6 axb4 53. axb4 Rxb4 $11) 52... Rd5 {[%emt 0:00:38] ( -> ...Rd2+)} 53. Rf3+ Ke4 54. Kg3 (54. bxa5 $1 $14 Rxa5 55. Kg3) 54... Rg5+ (54... a4 $1 $11) 55. Kh4 $14 Rg1 {[%emt 0:00:56][%mdl 8192] [#]} (55... Rb5 $14 56. Kg4 Rf5) 56. Rg3 $1 $18 Rb1 57. Rxg6 axb4 58. axb4 Kf5 59. Rg5+ Kf6 60. Rg4 (60. b5 $142 {Kh5 is the strong threat.} Rb3 61. Kg4) 60... Kf5 (60... Rb3 $142 61. Re4 Kf5) 61. Kh5 Rd1 62. b5 {[%emt 0:00:33] White threatens Rb4 and mate.} Rd8 63. Rg5+ Kf4 64. Rg4+ Kf5 $1 65. Kh4 {[%emt 0:00:15] aiming for b6.} Ke5 66. b6 {[%emt 0:00:26] White wants to mate with b7.} Kd5 67. Rb4 Kc5 68. Rb3 {[%emt 0:00:06] Weighted Error Value: White=0.34/Black=0.20 (precise)} 1-0

[Event "Paracin Open 2022"]
[Site "Paracin"]
[Date "2022.07.08"]
[Round "1.10"]
[White "Citak, Selim"]
[Black "Song, Raymond"]
[Result "1/2-1/2"]
[ECO "E36"]
[WhiteElo "2176"]
[BlackElo "2499"]
[Annotator "RC"]
[PlyCount "98"]
[EventDate "2022.07.08"]
[EventCountry "SRB"]
[SourceTitle "playchess.com"]
[Source "ChessBase"]
[SourceQuality "1"]
[TimeControl "5400+30"]

1. d4 Nf6 2. c4 e6 3. Nc3 Bb4 4. Qc2 O-O 5. a3 Bxc3+ 6. Qxc3 d5 7. Bg5 c5 8. dxc5 d4 9. Qc2 e5 10. e3 h6 11. Bh4 Nbd7 12. exd4 exd4 13. O-O-O Nxc5 14. Nf3 Qb6 15. b4 d3 16. Bxd3 Nxd3+ 17. Qxd3 a5 18. Qd4 Qxd4 19. Nxd4 axb4 20. Bxf6 gxf6 21. axb4 Ra2 22. Rhe1 Rxf2 23. Re2 Rf4 24. h3 f5 25. Kb2 Kg7 26. Kc3 Kf6 27. g3 Re4 28. Rf1 Rxe2 29. Nxe2 Re8 30. Kd3 Be6 31. Rf4 Ra8 32. Nc3 Ke5 33. Rh4 Rd8+ 34. Ke3 Rg8 35. Ne2 Ra8 36. c5 Ra3+ 37. Kf2 Ra2 38. Ke3 Ra3+ 39. Kf2 Rb3 40. Nd4 Rb2+ 41. Ke3 Kd5 42. Nb5 Rb3+ 43. Kf2 Rb2+ 44. Ke3 Rb3+ 45. Kf2 Bd7 46. Nd6 Rb2+ 47. Ke3 Rb3+ 48. Kf2 Rb2+ 49. Ke3 Rb3+ 1/2-1/2

[Event "Paracin Open 2022"]
[Site "Paracin"]
[Date "2022.07.08"]
[Round "1.11"]
[White "Makhnev, Denis"]
[Black "Andreev, Konstantin"]
[Result "1-0"]
[ECO "D27"]
[WhiteElo "2492"]
[BlackElo "2238"]
[Annotator "TA"]
[PlyCount "97"]
[EventDate "2022.07.08"]
[EventCountry "SRB"]
[SourceTitle "playchess.com"]
[Source "ChessBase"]
[SourceQuality "1"]
[TimeControl "5400+30"]

1. d4 Nf6 2. c4 e6 3. Nf3 d5 4. Nc3 dxc4 5. e3 a6 6. Bxc4 b5 7. Bb3 Bb7 8. O-O c5 9. e4 {[%emt 0:00:31] is the new trend. D27: Queen's Gambit Accepted: Classical main line: 7 e4!? and 7 a4.} cxd4 10. Nxd4 Nc6 11. Be3 {[%emt 0:03:38] The position is equal.} Be7 12. Nxc6 Qxd1 13. Rfxd1 Bxc6 14. f3 O-O 15. Ne2 Rfd8 {[%emt 0:06:37] [#]} 16. Nd4 $146 ({Predecessor:} 16. Rac1 Rxd1+ 17. Bxd1 Rc8 18. Nd4 Bd7 19. Rxc8+ Bxc8 20. a4 bxa4 21. Bxa4 Bd7 22. Nc6 {1-0 (79) Stocek,J (2570)-Ftacnik,L (2521) Slovakia 2020}) 16... Bb7 17. Rac1 {[%emt 0:05:47] Strongly threatening Rc7.} Rac8 {[%emt 0:02:47] Prevents Rc7.} 18. Rxc8 Rxc8 {[%emt 0:04:10] [#]} (18... Bxc8 $142 19. e5 Nd5) 19. Nxe6 $1 $16 fxe6 20. Bxe6+ Kf8 21. Bxc8 {[%emt 0:00:06] White is more active.} Bxc8 22. Rc1 Be6 23. b3 a5 24. Bc5 Nd7 25. Bxe7+ Kxe7 26. Rc7 {[%emt 0:00:18] And now Ra7 would win.} a4 27. Rb7 axb3 28. axb3 Bxb3 29. Rxb5 Be6 30. Kf2 g6 31. Ke3 Kf6 32. Kd4 h5 33. Rb7 Ke7 34. f4 Kf6 35. h3 Ke7 36. Ke3 Kf6 37. Kf3 Ke7 $2 {[%emt 0:08:20] [#] Loses the game.} (37... h4 $16 {was necessary.} 38. Ke3 Ke7) 38. g4 $1 $18 hxg4+ 39. hxg4 {[%emt 0:00:03] Black must now prevent g5.} Kf6 (39... g5 {is tougher.} 40. fxg5 Kf7) 40. Rb5 Bc4 41. Ra5 (41. Rb7 Ke7 42. Ra7 g5 43. fxg5 Be6 $18) 41... Be6 42. Kg3 Bc4 43. Ra7 Nc5 44. Kf3 Bd3 (44... Bf7 {keeps fighting.} 45. Ke3 Be8) 45. Ke3 {[%emt 0:01:35] g5+ is the strong threat.} Bxe4 {[%emt 0:02:53] [#]} (45... Ke6 $142 46. Ra5 Nxe4 47. Re5+ Kf6 48. Rxe4 Bc2) 46. g5+ $1 ({Weaker is} 46. Ra5 Nb7 47. Ra6+ Kf7 $14) 46... Ke6 47. Ra5 {[%emt 0:00:08][%mdl 64] Deflection} Nd7 48. Kxe4 Kf7 49. Ra7 {[%emt 0:00:47] Weighted Error Value: White=0.13 (very precise) /Black=0.53} 1-0